 Dungeon Crawl Stone Soup version 0.28-a0-390-gb254ac4902 (webtiles) character file.

Game seed: 12337016770146742265

586 desmos the Cudgeller (level 7, 0/61 HPs)
             Began as a Hill Orc Berserker on Sept 3, 2021.
             Was a Priest of Trog.
             Slain by a yak (3 damage)
             ... on level 6 of the Dungeon.
             The game lasted 00:20:54 (2529 turns).

desmos the Cudgeller (Hill Orc Berserker)           Turns: 2529, Time: 00:20:55

Health: 0/61       AC: 10    Str: 22    XL:     7   Next: 37%
Magic:  7/7        EV:  8    Int:  7    God:    Trog [***...]
Gold:   133        SH:  0    Dex: 10    Spells: 6/6 levels left

rFire   + . .      SeeInvis .   n - +4 quarterstaff (chaos)
rCold   x . .      Faith    .   (shield currently unavailable)
rNeg    . . .      Spirit   .   e - +0 chain mail
rPois   +          Reflect  .   (no helmet)
rElec   .          Harm     .   (no cloak)
rCorr   .          Rampage  .   d - +0 pair of gloves
Will    .....                   (no boots)
Stlth   ..........              (no amulet)
HPRegen 0.20/turn               g - ring of fire
MPRegen 0.10/turn               h - ring of poison resistance

@: on berserk cooldown, slowed, very slow
A: no striking features
a: Renounce Religion, Berserk, Trog's Hand


You were on level 6 of the Dungeon.
You worshipped Trog.
Trog was most pleased with you.
You visited 1 branch of the dungeon, and saw 5 of its levels.

You collected 133 gold pieces.

Inventory:

Hand Weapons
 a - a +0 mace
 n - a +4 quarterstaff of chaos (weapon)
 q - a +0 dagger of venom
Armour
 b - a +0 animal skin
 d - a +0 pair of gloves (worn)
 e - a +0 chain mail (worn)
Jewellery
 g - a ring of fire (left hand)
 h - a ring of poison resistance (right hand)
Scrolls
 f - a scroll of silence {unknown}
 i - a scroll of enchant armour {unknown}
 k - a scroll of identify {unknown}
 l - a scroll of teleportation {unknown}
 p - a scroll of magic mapping {unknown}
 r - a scroll of vulnerability {unknown}
Potions
 c - a potion of brilliance {unknown}
 j - a potion of flight {unknown}
 m - a potion of heal wounds {unknown}
 o - a potion of lignification {unknown}


   Skills:
 + Level 5.1 Fighting
 * Level 6.7(7.1) Maces & Flails
 + Level 2.9(4.6) Staves
 + Level 3.6 Armour
 - Level 2.0 Dodging


You had 6 spell levels left.
You didn't know any spells.
Your spell library was empty.

Dungeon Overview and Level Annotations

Branches:
Dungeon (6/15)
 Temple: D:4-7

Altars:
Qazlal


Message History

The water moccasin skeleton barely misses you.
A yak comes into view.
You hit the water moccasin skeleton.
The water moccasin skeleton convulses.
The water moccasin skeleton is moderately damaged.
The sentinel's mark upon you fades away.
The water moccasin skeleton bites you but does no damage.
The yak gores you but does no damage.
A yak comes into view.
The water moccasin skeleton bites you but does no damage.
You sock the water moccasin skeleton!
The water moccasin skeleton is heavily damaged.
The yak barely misses you.
The water moccasin skeleton bites you but does no damage.
The yak gores you!
* * * LOW HITPOINT WARNING * * *
A gnoll shaman comes into view. It is wielding a +1 whip of holy wrath.
The water moccasin skeleton bites you but does no damage.
You sock the water moccasin skeleton!
The water moccasin skeleton convulses!!
You destroy the water moccasin skeleton!
Trog accepts your kill. The yak completely misses you. The yak gores you.
* * * LOW HITPOINT WARNING * * *
Training target 2.0 for Dodging reached!
Your Dodging skill increases to level 2!
There is a stone staircase leading down here.
The yak gores you.
* * * LOW HITPOINT WARNING * * *
The gnoll shaman calls upon its god to speed up something.
The yak gores you.
* * * LOW HITPOINT WARNING * * *
You climb downwards.
There is a stone staircase leading up here.
You hit the yak. You burn the yak.
The yak is heavily wounded.
The yak gores you.
* * * LOW HITPOINT WARNING * * *
You closely miss the yak.
The yak is heavily wounded.
The yak gores you.
You die...

#.######
#....Y.#
#.....@#
........#
###.....#
#.....#
#.....#
#.....#
#######


You could see a yak.

Vanquished Creatures
  A yak (D:5)
  An ogre (D:5)
  A water moccasin skeleton (D:5)
  2 jellies (D:5)
  A hound (D:3)
  An orc priest (D:3)
  Crazy Yiuf (D:2)
  Jessica (D:2)
  Robin (D:2)
  6 adders
  A gnoll (D:1)
  A worm (D:2)
  A dart slug (D:3)
  3 orcs (D:3)
  4 bats
  7 endoplasms
  14 goblins
  9 hobgoblins
  2 jackals (D:2)
  2 quokkas
  3 ball pythons (D:3)
  A frilled lizard (D:3)
  3 kobolds
  4 rats
71 creatures vanquished.

Vanquished Creatures (others)
  4 plants (D:1)
4 creatures vanquished.

Grand Total: 75 creatures vanquished

Notes
Turn   | Place    | Note
-------+----------+-------------------------------------------
     0 | D:1      | desmos the Hill Orc Berserker began the quest for the Orb.
     0 | D:1      | Reached XP level 1. HP: 19/19 MP: 1/1
   182 | D:1      | Reached XP level 2. HP: 27/27 MP: 2/2
   625 | D:1      | Reached skill level 4 in Maces & Flails
   625 | D:1      | Reached XP level 3. HP: 33/33 MP: 3/3
   782 | D:1      | Reached ** piety under Trog
  1004 | D:2      | Noticed Robin
  1296 | D:2      | Reached XP level 4. HP: 29/41 MP: 4/4
  1528 | D:2      | Noticed Jessica
  1541 | D:2      | Killed Jessica
  1717 | D:2      | Found a faded altar of an unknown god.
  1899 | D:2      | Killed Robin
  1900 | D:2      | Reached skill level 5 in Maces & Flails
  1900 | D:2      | Reached XP level 5. HP: 47/47 MP: 5/5
  1930 | D:2      | Found a runed translucent door.
  1931 | D:2      | Noticed Crazy Yiuf
  1945 | D:2      | Killed Crazy Yiuf
  2161 | D:3      | Found a stormy altar of Qazlal.
  2308 | D:3      | Reached skill level 6 in Maces & Flails
  2308 | D:3      | Reached XP level 6. HP: 49/53 MP: 6/6
  2480 | D:3      | You fall into a shaft and drop 2 floors!
  2480 | D:5      | Entered Level 5 of the Dungeon
  2497 | D:5      | Reached skill level 1 in Staves
  2507 | D:5      | Noticed a yak
  2511 | D:5      | Killed a yak
  2511 | D:5      | Reached *** piety under Trog
  2511 | D:5      | Noticed a yak
  2512 | D:5      | Reached skill level 5 in Fighting
  2512 | D:5      | Reached XP level 7. HP: 42/61 MP: 7/7
  2516 | D:5      | Noticed a yak
  2521 | D:5      | Noticed a yak
  2522 | D:5      | Noticed a yak
  2528 | D:6      | HP: 3/61 [yak (3)]
  2529 | D:6      | Slain by a yak

Illustrated notes

Levels and vault maps discovered:
D:1:      lightli_arrival_flooded_house, layout_rooms
D:2:      layout_basic, ebering_ecumenical_altar_abandoned,
          uniq_crazy_yiuf_cottage, uniq_robin, uniq_jessica
D:3:      layout_basic, nicolae_overflow_hidden_temple,
          worldfamousw_hep_ancestral_shrine, nicolae_qazlal_scattered_showers
D:5:      layout_loops_ring, minmay_temple_entry_junction
D:6:      layout_rooms, gammafunk_temple_overflow_elements

Skill      XL: |  1  2  3  4  5  6  7 |
---------------+----------------------+-----
Fighting       | 4 5 |  5.1
Maces & Flails | 4 5 6 |  6.7
Armour         | 3 |  3.6
Staves         | 2 |  2.9
Dodging        | 2 |  2.0

Action                   |  1- 3 |  4- 6 |  7- 9 || total
-------------------------+-------+-------+-------++-------
Melee: Mace              |    90 |    42 |       ||   132
       Quarterstaff      |       |    50 |     9 ||    59
Invok: Berserk           |     3 |     4 |       ||     7
Armor: Animal skin       |     7 |       |       ||     7
       Chain mail        |    39 |    46 |     5 ||    90
Dodge: Dodged            |    47 |    32 |     5 ||    84

Table legend: (Time is in decaauts)
 A = Elapsed time spent in this place.
 B = Non-inter-level travel time spent in this place.
 C = Inter-level travel time spent in this place.
 D = Time resting spent in this place.
 E = Time spent auto-exploring this place.
 F = Levels seen in this place.
 G = Mean time per level.
                   A        B        C        D        E       F      G
               +--------+--------+--------+--------+--------+-----+--------+
         Total |   2617 |   2577 |     40 |    648 |   1190 |   5 |  523.4 |
       Dungeon |   2617 |   2577 |     40 |    648 |   1190 |   5 |  523.4 |
               +--------+--------+--------+--------+--------+-----+--------+

Top non-repeatable levels by time:
     D:1: 1093 daAuts
     D:2: 1052 daAuts
     D:3: 419 daAuts
     D:5: 50 daAuts
     D:6: 2 daAuts
